 Dungeon Crawl Stone Soup version bcrawl-1.36.4 (webtiles) character file.

Game seed: 7536977761778829107

157050 SockSock the Firebug (level 7, 44/44 HPs)
             Began as a Skeleton Fire Elementalist on Dec 1, 2021.
             Was an Initiate of Sif Muna.
             Quit the game on level 5 of the Dungeon on Aug 9, 2022.
             The game lasted 00:37:19 (6261 turns).

SockSock the Firebug (Skeleton Fire Elementalist)   Turns: 6261, Time: 00:37:19

Health: 44/44      AC:  3    Str: 14      XL:     7   Next: 60%
Magic:  11/11      EV: 13    Int: 15 (16) God:    Sif Muna [......]
Gold:   443        SH:  0    Dex:  9      Spells: 8/12 levels left

rFire    . . .     SeeInvis .   d - +1 falchion
rCold    + . .     Gourm    .   (no shield)
rNeg     + + +     Faith    .   a - +0 robe
rPois    ∞         Spirit   +   (no helmet)
rElec    .         Reflect  .   e - +0 cloak
rCorr    .                      (no gloves)
MR       +....                  (no boots)
Stlth    ++........             (no amulet)
HPRegen  0.14/turn              (no ring)
MPRegen  0.12/turn              (no ring)

@: divine energy
A: no food or potions, cold resistance 1, deterioration 1, negative energy
resistance 3, powered by death 1, torment resistance, unbreathing, magic shield,
sturdy frame 1, spell healing
a: Stop Divine Energy, Renounce Religion


You were on level 5 of the Dungeon.
You worshipped Sif Muna.
Sif Muna was noncommittal.
You were not hungry.

You visited 1 branch of the dungeon, and saw 6 of its levels.

You collected 443 gold pieces.

Inventory:

Hand Weapons
 d - a +1 falchion (weapon)
Missiles
 c - 1192 stones (quivered)
Armour
 a - a +0 robe (worn)
 e - a +0 cloak (worn)
Scrolls
 b - a scroll of teleportation {!r, unknown}
 f - a scroll of blinking {!r, unknown}
 g - a scroll of remove curse {!r, unknown}
 h - 2 scrolls of amnesia {!r}
 i - 4 scrolls of identify {!r}
 j - a scroll of enchant weapon {!r}
 k - a scroll of noise {!r, unknown}


   Skills:
 - Level 5.0 Fighting
 + Level 4.0 Dodging
 - Level 2.4 Stealth
 - Level 3.0 Spellcasting
 - Level 5.0 Conjurations
 - Level 5.0 Fire Magic


You had 8 spell levels left.
You knew the following spells:

 Your Spells              Type           Power        Failure   Level  Hunger
a - Flame Tongue          Conj/Fire      ###..        2%          1    N/A
b - Conjure Flame         Conj/Fire      ###.....     8%          3    N/A

Your spell library contained the following spells:

 Spells                   Type           Power        Failure   Level  Hunger
 Magic Dart               Conj           ###.         2%          1    N/A
 Flaming Arrows           Chrm/Fire      #.......     11%         2    N/A
 Inner Flame              Hex/Fire       N/A          22%         3    N/A
 Sticky Flame             Conj/Fire      ###.....     26%         4    N/A
 Blink                    Tloc           N/A          30%         2    N/A
 Call Imp                 Summ           #.....       30%         2    N/A
 Mephitic Cloud           Conj/Pois/Air  #.......     30%         3    N/A
 Fireball                 Conj/Fire      ###.......   56%         5    N/A
 Spider Form              Tmut/Pois      Unusable     N/A         3    N/A

Dungeon Overview and Level Annotations

Branches:
Dungeon (6/12)
 Temple: D:4-7

Altars:
Fedhas
Nemelex Xobeh
Okawaru
Qazlal
Sif Muna
Xom
Yredelemnul
Zin

Shops:
D:5 !   D:6 !

Annotations:
D:5 Prince Ribbit
D:6 Sigmund


Innate Abilities, Weirdness & Mutations

You do not eat or drink.
You are immune to poison.
Your flesh is cold resistant. (rC+)
Your body sometimes deteriorates upon taking damage.
You are immune to negative energy. (rN+++)
You regenerate a little health from kills.
You are immune to unholy pain and torment.
You can survive without breathing.
When hurt, damage is shared between your health and your magic reserves.
Your movements are slightly less encumbered by armour. (ER -2)
Casting spells heals you.


Message History

You climb downwards.
A rune on the stairs sparks and fizzles.
Sigmund the Dreaded comes into view.
He is wielding a +1 vampiric scythe.
You have encountered a dangerous foe!
There is a stone staircase leading up here.
Press: ? - help, v - describe, . - travel
Here: Sigmund, wielding a +1 vampiric scythe and wearing a +0 robe (resting)
Press: ? - help, v - describe, . - travel
Here: Sigmund, wielding a +1 vampiric scythe and wearing a +0 robe (resting)
A rune on the stairs sparks and fizzles.
You climb upwards.
Level annotation: Prince Ribbit
There is a stone staircase leading down here.
Unknown command.
Saving game... please wait.
Level annotation: Prince Ribbit Welcome back, SockSock the Skeleton Fire Elementalist.
Sif Muna whispers: I know many secrets...
Press m to set your skill training.
Press ? for a list of commands and other information.
Are you sure you want to abandon this character and quit the game? (Confirm with "yes".)

###### #....# #....# ########
#....# #......# #....# #.#######
##################...####.# ##
.........#...........#....#
.........#......@....#....#
.........#...........#....#
.........#########...#....#
.................#...#....##8...8
.................#...#....##.....
.................#...#....#8.....
#########........#...#....##.....
#........#...#....##8...8
#........#...#....# ##_##


There were no monsters in sight!

Vanquished Creatures
  2 phantoms
  An ogre (D:4)
  A bullfrog (D:5)
  A water moccasin zombie (D:5)
  A scorpion (D:5)
  A centaur zombie (D:5)
  A bullfrog zombie (D:5)
  A hound (D:4)
  4 worker ants
  A hound zombie (D:5)
  A hound skeleton (D:4)
  2 worker ant zombies (D:5)
  3 adders
  A howler monkey skeleton (D:5)
  An adder skeleton (D:4)
  5 worms
  3 leopard geckos (D:1)
  12 orcs
  2 giant cockroaches
  3 goblins (D:1)
  9 hobgoblins
  5 jackals
  9 kobolds
  2 quokkas
  3 ball pythons
  8 bats
  2 frilled lizards
  A jackal skeleton (D:5)
  7 rats
93 creatures vanquished.

Vanquished Creatures (others)
  An orc (D:4)
1 creature vanquished.

Grand Total: 94 creatures vanquished

Notes
Turn   | Place    | Note
-------+----------+-------------------------------------------
     0 | D:1      | SockSock the Skeleton Fire Elementalist began the quest for
                  | the Orb.
     0 | D:1      | Reached XP level 1. HP: 10/10 MP: 4/4
    65 | D:1      | Reached skill level 1 in Fighting
   195 | D:1      | Reached XP level 2. HP: 17/17 MP: 1/6
   727 | D:1      | Reached XP level 3. HP: 22/22 MP: 4/7
  2439 | D:3      | Reached XP level 4. HP: 28/28 MP: 2/8
  2593 | D:3      | Noticed a phantom
  2945 | D:4      | Noticed an ogre
  3281 | D:3      | Killed a phantom
  3282 | D:3      | Reached XP level 5. HP: 32/32 MP: 2/9
  3346 | D:3      | Found a shimmering blue altar of Sif Muna.
  3346 | D:3      | Found a glowing silver altar of Zin.
  3369 | D:3      | Found a blossoming altar of Fedhas.
  3370 | D:3      | Found a sparkling altar of Nemelex Xobeh.
  3374 | D:3      | Became a worshipper of Sif Muna the Loreminder
  3537 | D:3      | Found a blossoming altar of Fedhas.
  3679 | D:3      | Learned a level 3 spell: Conjure Flame
  4008 | D:4      | Found a stormy altar of Qazlal.
  4055 | D:4      | Noticed a phantom
  4088 | D:4      | Killed a phantom
  4089 | D:4      | Gained mutation: You regenerate a little health from kills.
                  | [Skeleton growth]
  4089 | D:4      | Reached XP level 6. HP: 35/37 MP: 1/10
  4221 | D:4      | Reached skill level 5 in Fire Magic
  4363 | D:4      | Reached skill level 5 in Conjurations
  5100 | D:5      | Entered Level 5 of the Dungeon
  5321 | D:5      | Reached XP level 7. HP: 44/44 MP: 0/11
  5393 | D:5      | Noticed Prince Ribbit
  5422 | D:5      | Found Qarr's Distillery.
  5423 | D:5      | Found a shimmering altar of Xom.
  5446 | D:5      | Found an iron altar of Okawaru.
  5736 | D:5      | Reached skill level 5 in Fighting
  5829 | D:5      | Found a basalt altar of Yredelemnul.
  6116 | D:6      | Found Qumefoc's Distillery.
  6258 | D:6      | Noticed Sigmund
  6261 | D:5      | Upgraded the game from bcrawl-1.34.5 to bcrawl-1.36.4
  6261 | D:5      | Quit the game

Skill      XL: |  1  2  3  4  5  6  7 |
---------------+----------------------+-----
Fighting       | 1 2 3 4 5 |  5.0
Conjurations   | 2 3 4 5 |  5.0
Fire Magic     | 4 5 |  5.0
Dodging        | 4 |  4.0
Stealth        | |  2.4
Spellcasting   | |  3.0

Action                   |  1- 3 |  4- 6 |  7- 9 || total
-------------------------+-------+-------+-------++-------
Melee: Falchion          |    23 |    30 |     4 ||    57
 Cast: Flame Tongue      |    98 |   128 |    36 ||   262
       Conjure Flame     |       |     6 |     4 ||    10
Invok: Divine Energy     |       |       |     1 ||     1
  Use: Scroll            |       |     2 |       ||     2
 Stab: Sleeping          |       |     1 |       ||     1
Armor: Robe              |    16 |    12 |     8 ||    36
Dodge: Dodged            |    47 |    44 |    17 ||   108
